 Dungeon Crawl Stone Soup version 0.31-a0-219-g8d62b2e7bb (webtiles) character file.

Game seed: 10092457976107966992

76 qw the Shooter (level 4, 0/36 HPs)
             Began as a Minotaur Hexslinger on July 3, 2023.
             Slain by a scorpion (2 damage)
             ... on level 3 of the Dungeon.
             The game lasted 00:00:39 (1909 turns).

qw the Shooter (Minotaur Hexslinger)                Turns: 1909, Time: 00:00:40

Health: 0/36       AC:  3    Str: 13    XL:     4   Next: 12%
Magic:  4/4        EV: 12    Int: 10    God:
Gold:   101        SH:  0    Dex: 14    Spells: 4/5 levels left

rFire   . . .        Y - +2 sling (flame)
rCold   . . .        (no shield)
rNeg    . . .        h - +0 robe {Will+}
rPois   .            (helmet restricted)
rElec   .            i - +0 cloak
rCorr   .            (no gloves)
SInv    .            (no boots)
Will    +....        (no amulet)
Stlth   +            (no ring)
HPRegen 0.26/turn    (no ring)
MPRegen 0.09/turn

%: no passive effects
@: lethally poisoned (0 -> -11)
A: horns 2, retaliatory headbutt
a: no special abilities


You were on level 3 of the Dungeon.
You visited 1 branch of the dungeon, and saw 4 of its levels.

You collected 101 gold pieces.


Innate Abilities, Weirdness & Mutations

You have a pair of horns on your head.
You reflexively headbutt those who attack you in melee.


   Skills:
 - Level 2.0 Fighting
 + Level 4.5 Ranged Weapons
 - Level 1.0 Armour
 - Level 2.1 Dodging
 - Level 1.0 Spellcasting
 - Level 2.0 Hexes


You had 4 spell levels left.
You knew the following spells:

 Your Spells              Type           Power      Damage    Failure   Level
a - Slow                  Hex            16%        N/A       16%         1

Your spell library contained the following spells:

 Spells                   Type           Power      Damage    Failure   Level
 Inner Flame              Hex/Fire       2%         N/A       56%         3
 Portal Projectile        Hex/Tloc       4%         N/A       56%         3
 Cause Fear               Hex            2%         N/A       83%         4

Inventory:

Hand Weapons
 Y - a +2 sling of flaming (weapon)
Armour
 g - a +0 ring mail
 h - a +0 robe of willpower (worn)
 i - a +0 cloak (worn)
Scrolls
 e - a scroll of identify
Potions
 a - a potion of mutation
 b - a potion of heal wounds {unknown}
 c - a potion of curing {unknown}
 d - a potion of enlightenment {unknown}
 f - a potion of might {unknown}
 j - a potion of attraction {unknown}

Dungeon Overview and Level Annotations

Branches:
Dungeon (4/15)
 Temple: D:4-7

Altars:
Qazlal


Message History

You finish taking off your +0 ring mail.
You start putting on your armour.
You continue putting on your +0 robe of willpower. x5
You finish putting on your +0 robe of willpower.
You feel strong-willed.
Done exploring.
(D) Dungeon
Where to? (* - list waypoints, Enter - D:4, ? - help)
What level of the Dungeon? (default 1, ? - help)
There is a stone staircase leading down here.
You climb downwards.
The scorpion stings you. x2
There is a stone staircase leading up here.
1903 ||| STAIRDANCE The scorpion stings you.
You are poisoned.
The scorpion poisons you!
You climb upwards.
You feel very sick.
There is a stone staircase leading down here.
You shoot a sling bullet.
The sling bullet barely misses the scorpion.
You feel sick. The scorpion stings you.
You shoot a sling bullet.
The sling bullet barely misses the scorpion.
You feel sick. The scorpion completely misses you.
The scorpion closely misses you.
You shoot a sling bullet.
The sling bullet closely misses the scorpion.
You feel sick. The scorpion stings you.
You shoot a sling bullet. The sling bullet hits the scorpion!
The sling bullet burns the scorpion.
The scorpion is heavily wounded.
You feel sick. The scorpion stings you.
You are lethally poisoned!
The scorpion poisons you!
You shoot a sling bullet.
The sling bullet closely misses the scorpion.
You feel very sick. The scorpion stings you.
You die...

# ### # ### #.# # #####.# #.# #
##### #.....# #.# # #..)#
#(..#.###########.###### # #.>.#
#...#...................
####...###.}.#...................
#............#.............#####.
#.8......[.###..@..........# #.
#..........# #.s.).........# #.
####.......####............# #.
## #..........##.########..# #.
.###........8.##.# ##..# #.
.#...(........##.#######...#####.
.#.}.###.).####..................
.#...# #.<.#...#.#######...####..
.#...# #...###...# #.......#.....


You could see a scorpion.

Vanquished Creatures
  An orc wizard (D:3)
  An adder (D:3)
  An orc (D:3)
  2 endoplasms
  A giant cockroach (D:2)
  5 goblins
  6 hobgoblins
  5 jackals
  5 ball pythons
  7 bats
  3 frilled lizards
  A kobold (D:2)
  2 rats
40 creatures vanquished.

Notes
Turn   | Place    | Note
-------+----------+-------------------------------------------
     0 | D:1      | qw the Minotaur Hexslinger began the quest for the Orb.
     0 | D:1      | Reached XP level 1. HP: 16/16 MP: 1/1
     0 | D:1      | 0 ||| qw: Version: 0.3-a-40-ge99b1a8
     0 | D:1      | 0 ||| qw: Game counter: 347
     0 | D:1      | 0 ||| qw: Melee chars always use a shield: true
     0 | D:1      | 0 ||| qw: God list: Okawaru
     0 | D:1      | 0 ||| qw: Allow faded altars: false
     0 | D:1      | 0 ||| qw: Do Orc after clearing Dungeon:15 true
     0 | D:1      | 0 ||| qw: Do second Lair branch before Depths: true
     0 | D:1      | 0 ||| qw: Lair rune preference: random
     0 | D:1      | 0 ||| qw: Goals: Normal
     0 | D:1      | 0 ||| PLANNING D:1-11
    86 | D:1      | 86 ||| Stepping ~*~*~tactically~*~*~ (outnumbered).
   261 | D:1      | Reached skill level 3 in Ranged Weapons
   424 | D:1      | Reached XP level 2. HP: 21/23 MP: 2/2
   742 | D:1      | 742 ||| UPGRADING to +0 ring mail.
   752 | D:1      | 752 ||| DROPPING +0 robe.
   753 | D:1      | 753 ||| READING scroll labelled UFECHOKH EDAA.
   754 | D:1      | 754 ||| READING 2 scrolls labelled QUSCHA USO FEIWK.
   755 | D:1      | 755 ||| READING scroll labelled LEUDWESSON.
   756 | D:1      | 756 ||| READING scroll labelled GAYG AH BEKKE.
   757 | D:1      | 757 ||| READING scroll labelled IJYQIV NIYRCH.
   758 | D:1      | 758 ||| DROPPING scroll of poison.
  1128 | D:2      | 1128 ||| READING 2 scrolls labelled JINUTU CYGHAPS.
  1129 | D:2      | 1129 ||| READING scroll labelled FUHIDO FIXKU.
  1130 | D:2      | 1130 ||| READING scroll labelled QEUTZECVIUNA.
  1133 | D:2      | 1133 ||| READING scroll labelled OVI PUICLEM.
  1134 | D:2      | 1134 ||| READING scroll labelled JAGRAO SUKA.
  1135 | D:2      | 1135 ||| READING 3 scrolls of identify.
  1135 | D:2      | 1135 ||| IDENTIFYING fizzy golden potion
  1136 | D:2      | 1136 ||| READING 2 scrolls of identify.
  1136 | D:2      | 1136 ||| IDENTIFYING inky potion
  1137 | D:2      | 1137 ||| DROPPING scroll of blinking.
  1138 | D:2      | 1138 ||| DROPPING potion of brilliance.
  1139 | D:2      | 1139 ||| DROPPING potion of berserk rage.
  1234 | D:3      | Reached XP level 3. HP: 29/29 MP: 3/3
  1340 | D:3      | Reached skill level 4 in Ranged Weapons
  1441 | D:3      | Found a stormy altar of Qazlal.
  1819 | D:3      | 1819 ||| UPGRADING to +0 cloak.
  1824 | D:3      | 1824 ||| READING scroll labelled SIRIECWU NAIKA.
  1825 | D:3      | 1825 ||| READING 2 scrolls of identify.
  1825 | D:3      | 1825 ||| IDENTIFYING glowing dark potion
  1840 | D:4      | Noticed a scorpion
  1841 | D:4      | 1841 ||| STAIRDANCE
  1844 | D:3      | Reached skill level 1 in Armour
  1851 | D:3      | Reached XP level 4. HP: 26/36 MP: 4/4
  1890 | D:3      | 1890 ||| UPGRADING to +0 robe of willpower.
  1903 | D:4      | 1903 ||| STAIRDANCE
  1908 | D:3      | HP: 6/36 [scorpion (6)]
  1909 | D:3      | HP: 2/36 [poisoned by a scorpion]
  1909 | D:3      | Slain by a scorpion

Levels and vault maps discovered:
D:1:      erik_arrival_triangle_small, layout_basic
D:2:      layout_rooms, kennysheep_generic_room_15
D:3:      layout_basic, mainiacjoe_overflow_alcove_1,
          nicolae_elevator_lobby_asterisk
D:4:      layout_basic, tso_metal_star, serial_shops, shop, uniq_eustachio,
          uniq_robin

Skill      XL: |  1  2  3 |
---------------+----------+-----
Ranged Weapons | 3 4 |  4.5
Fighting       | 2 |  2.0
Armour         | 1 |  1.0
Dodging        | |  2.1
Spellcasting   | |  1.0
Hexes          | |  2.0

Action                     |  1- 3 |  4- 6 || total
---------------------------+-------+-------++-------
   Fire: Sling             |    98 |     5 ||   103
    Use: Scroll            |    14 |       ||    14
 Armour: Ring mail         |    25 |       ||    25
         Robe              |     2 |       ||     2
  Dodge: Dodged            |    32 |     2 ||    34

Table legend:
 A = Non-vault XP
 B = Vault XP
 C = Vault XP percentage of total XP
 D = Non-vault monster count
 E = Vault monster count
 F = Vault count percentage of total count
                 A         B        C        D         E       F
            +---------+---------+-------+---------+---------+-------
      Total |     108 |       1 |   0.9 |      39 |       1 |   2.5
            +---------+---------+-------+---------+---------+-------
        D:1 |      18 |       0 |   0.0 |      11 |       0 |   0.0
        D:2 |      14 |       1 |   6.7 |       9 |       1 |  10.0
        D:3 |      76 |       0 |   0.0 |      19 |       0 |   0.0
            +---------+---------+-------+---------+---------+-------
